MLB
CHICAGO WHITE SOX @ KANSAS CITY ROYALS
04/15/2020
 
TOP OF THE 1ST
Chicago White Sox batting - Pitching for Kansas City Royals : RHP Zac Gallen
Pitching: RHP Zac Gallen
Batting: LHB Zack Granite 0-0: Ball
1-0: Ball
2-0: Ground out 6-3 (Groundball, 6, EV 106.3 MPH)
Batting: LHB Jason Heyward 0-0: Called Strike
0-1: Ball
1-1: Fly out, F8 (Flyball, 8RD, EV 88.1 MPH)
Batting: RHB Todd Frazier 0-0: Ball
1-0: Ball
2-0: Ball
3-0: Called Strike
3-1: Base on Balls
Batting: LHB Stephen Vogt 0-0: Swinging Strike
0-1: SINGLE (Groundball, 6MD, EV 108.1 MPH) (infield hit)
Todd Frazier to second
Batting: LHB Andrew Toles 0-0: Fielders Choice at 2nd, 6-4 (Groundball, 6, EV 84.4 MPH)
Top of the 1st over - 0 runs, 1 hit, 0 errors, 2 left on base; Chicago 0 - Kansas City 0
BOTTOM OF THE 1ST
Kansas City Royals batting - Pitching for Chicago White Sox : RHP Nathan Eovaldi
Pitching: RHP Nathan Eovaldi
Batting: LHB Jesse Winker 0-0: Ball
1-0: Called Strike
1-1: Ground out 6-3 (Groundball, 6M, EV 103.1 MPH)
Batting: SHB Jurickson Profar 0-0: SOLO HOME RUN (Flyball, 9D, EV 106.9 MPH), Distance : 390 ft
Batting: LHB Anthony Rizzo 0-0: Foul Ball, location: 2F
0-1: Ball
1-1: Ball
2-1: Ball
3-1: Foul Ball, location: 2F
3-2: Ground out 4-3 (Groundball, 4D, EV 83.8 MPH)
Batting: RHB Aristides Aquino 0-0: Called Strike
0-1: DOUBLE (Line Drive, 7LM, EV 107.5 MPH)
Batting: RHB Dansby Swanson 0-0: Ground out 6-3 (Groundball, 6, EV 99.4 MPH)
Bottom of the 1st over - 1 run, 2 hits, 0 errors, 1 left on base; Chicago 0 - Kansas City 1
TOP OF THE 2ND
Chicago White Sox batting - Pitching for Kansas City Royals : RHP Zac Gallen
Batting: RHB Drew Jackson 0-0: Called Strike
0-1: Ball
1-1: Ball
2-1: Ball
3-1: Swinging Strike
3-2: Foul Ball, location: 2F
3-2: Base on Balls
Batting: LHB Nick Gordon 0-0: Fly out, F8 (Flyball, 8LD, EV 89.4 MPH)
Batting: RHB Wilfredo Tovar 0-0: Called Strike
Drew Jackson steals 2nd base
0-1: Ball
1-1: Foul Ball, location: 2F
1-2: Ball
2-2: Foul Ball, location: 2F
2-2: Strikes out looking
Batting: RHB Jose Trevino 0-0: Foul Ball, location: 2F
0-1: Ball
1-1: Swinging Strike
1-2: Ball
2-2: Foul Ball, location: 2F
2-2: Ball
3-2: SINGLE (Groundball, 6S, EV 74.4 MPH) (infield hit)
Drew Jackson to third
Batting: LHB Zack Granite 0-0: Swinging Strike
0-1: Ball
1-1: Foul Ball, location: 2F
1-2: Ball
2-2: Foul Ball, location: 2F
2-2: Strikes out looking
Top of the 2nd over - 0 runs, 1 hit, 0 errors, 2 left on base; Chicago 0 - Kansas City 1
BOTTOM OF THE 2ND
Kansas City Royals batting - Pitching for Chicago White Sox : RHP Nathan Eovaldi
Batting: RHB Sean Murphy 0-0: Swinging Strike
0-1: Called Strike
0-2: Strikes out swinging
Batting: SHB Niko Goodrum 0-0: Ball
1-0: Swinging Strike
1-1: Ball
2-1: Swinging Strike
2-2: Ground out 4-3 (Groundball, 4, EV 83.8 MPH)
Batting: LHB Nicky Lopez 0-0: Fly out, F7 (Flyball, 7S, EV 91.9 MPH)
Bottom of the 2nd over - 0 runs, 0 hits, 0 errors, 0 left on base; Chicago 0 - Kansas City 1
TOP OF THE 3RD
Chicago White Sox batting - Pitching for Kansas City Royals : RHP Zac Gallen
Batting: LHB Jason Heyward 0-0: Ball
1-0: Ball
2-0: Foul Ball, location: 2F
2-1: Foul Ball, location: 2F
2-2: Ball
3-2: Strikes out looking
Batting: RHB Todd Frazier 0-0: Called Strike
0-1: Ball
1-1: Foul Ball, location: 2F
1-2: Ball
2-2: Strikes out swinging
Batting: LHB Stephen Vogt 0-0: Ball
1-0: Called Strike
1-1: Ball
2-1: Ball
3-1: Fly out, F7 (Flyball, 78M, EV 95.0 MPH)
Top of the 3rd over - 0 runs, 0 hits, 0 errors, 0 left on base; Chicago 0 - Kansas City 1
BOTTOM OF THE 3RD
Kansas City Royals batting - Pitching for Chicago White Sox : RHP Nathan Eovaldi
Batting: LHB Alex Gordon 0-0: Ball
1-0: Ball
2-0: Foul Ball, location: 2F
2-1: Ball
3-1: Base on Balls
Batting: LHB Jesse Winker 0-0: Ball
1-0: Foul Ball, location: 2F
1-1: Fly out, F8 (Flyball, 8RS, EV 80.6 MPH)
Batting: SHB Jurickson Profar 0-0: Ball
1-0: Ball
2-0: Ball
3-0: Base on Balls
Alex Gordon to second
Batting: LHB Anthony Rizzo 0-0: Ball
1-0: Foul Ball, location: 2F
1-1: Swinging Strike
1-2: Foul Ball, location: 2F
1-2: Foul Ball, location: 2F
1-2: Ball
2-2: Grounds into double play, 3-6-3 (Groundball, 3, EV 106.9 MPH)
Bottom of the 3rd over - 0 runs, 0 hits, 0 errors, 1 left on base; Chicago 0 - Kansas City 1
TOP OF THE 4TH
Chicago White Sox batting - Pitching for Kansas City Royals : RHP Zac Gallen
Batting: LHB Andrew Toles 0-0: Ball
1-0: Ball
2-0: Called Strike
2-1: Reached on error, E4 (Groundball, 4MD, EV 87.5 MPH)
Batting: RHB Drew Jackson 0-0: Swinging Strike
0-1: Called Strike
0-2: Foul Ball, location: 2F
0-2: Ball
1-2: Ball
2-2: Foul Ball, location: 2F
2-2: Ball
3-2: Strikes out swinging
Batting: LHB Nick Gordon 0-0: SINGLE (Groundball, 4D, EV 101.9 MPH)
Andrew Toles to second
Runner from 2nd tries for 3rd, SAFE, no throw by RF
Batting: RHB Wilfredo Tovar 0-0: Ball
1-0: Ball
2-0: SINGLE (Line Drive, 4D, EV 95.0 MPH)
Andrew Toles scores
Nick Gordon to second
Runner from 2nd tries for 3rd, SAFE, throw by CF made to third
Batting: RHB Jose Trevino 0-0: Fly out, F4 (Popup, 3D, EV 51.9 MPH)
Batting: LHB Zack Granite 0-0: Ball
1-0: Called Strike
1-1: Ball
2-1: Fly out, F7 (Flyball, 78M, EV 96.9 MPH)
Top of the 4th over - 1 run, 2 hits, 1 error, 2 left on base; Chicago 1 - Kansas City 1
BOTTOM OF THE 4TH
Kansas City Royals batting - Pitching for Chicago White Sox : RHP Nathan Eovaldi
Batting: RHB Aristides Aquino 0-0: Called Strike
0-1: SOLO HOME RUN (Line Drive, 7LD, EV 95.6 MPH), Distance : 372 ft
Batting: RHB Dansby Swanson 0-0: Foul Ball, location: 2F
0-1: Called Strike
0-2: Ball
1-2: Foul Ball, location: 2F
1-2: Ball
2-2: Ball
3-2: Foul Ball, location: 2F
3-2: Fly out, F7 (Flyball, 78D, EV 104.4 MPH)
Batting: RHB Sean Murphy 0-0: Swinging Strike
0-1: Ball
1-1: Foul Ball, location: 2F
1-2: Strikes out looking
Batting: SHB Niko Goodrum 0-0: Ball
1-0: Ball
2-0: Called Strike
2-1: Ball
3-1: Base on Balls
Batting: LHB Nicky Lopez 0-0: Swinging Strike
0-1: Ball
1-1: Foul Ball, location: 2F
1-2: Strikes out looking
Bottom of the 4th over - 1 run, 1 hit, 0 errors, 1 left on base; Chicago 1 - Kansas City 2
TOP OF THE 5TH
Chicago White Sox batting - Pitching for Kansas City Royals : RHP Zac Gallen
Batting: LHB Jason Heyward 0-0: Ball
1-0: Ball
2-0: Ball
3-0: Called Strike
3-1: Base on Balls
Batting: RHB Todd Frazier 0-0: Foul Ball, location: 2F
0-1: Fly out, F7 (Flyball, 78D, EV 104.4 MPH)
Batting: LHB Stephen Vogt 0-0: Called Strike
0-1: Ball
1-1: Called Strike
1-2: DOUBLE (Line Drive, 7LS, EV 106.3 MPH)
Jason Heyward to third
Runner from 3rd tries for Home, SAFE, throw by LF to home
Batting: LHB Andrew Toles 0-0: Ball
1-0: Ground out U3 (Groundball, 3, EV 93.1 MPH)
Stephen Vogt to third
Batting: RHB Drew Jackson 0-0: SINGLE (Groundball, 6MD, EV 98.8 MPH)
Stephen Vogt scores
Batting: LHB Nick Gordon 0-0: Ball
Drew Jackson steals 2nd base
1-0: Ball
2-0: SINGLE (Groundball, 6MS, EV 69.4 MPH) (infield hit)
Drew Jackson to third
Pitching: LHP Austin Gomber
Batting: RHB Wilfredo Tovar 0-0: Ball
1-0: Foul Ball, location: 2F
1-1: Ball
2-1: Called Strike
2-2: Strikes out swinging
Top of the 5th over - 2 runs, 3 hits, 0 errors, 2 left on base; Chicago 3 - Kansas City 2
BOTTOM OF THE 5TH
Kansas City Royals batting - Pitching for Chicago White Sox : RHP Nathan Eovaldi
Batting: LHB Alex Gordon 0-0: Ball
1-0: Foul Ball, location: 2F
1-1: Ball
2-1: Called Strike
2-2: Foul Ball, location: 2F
2-2: Ball
3-2: Base on Balls
Batting: LHB Jesse Winker 0-0: Called Strike
0-1: Ball
1-1: Foul Ball, location: 2F
1-2: Grounds into double play, 4-6-3 (Groundball, 34, EV 93.1 MPH)
Batting: SHB Jurickson Profar 0-0: Called Strike
0-1: Fly out, F9 (Line Drive, 9, EV 91.9 MPH)
Bottom of the 5th over - 0 runs, 0 hits, 0 errors, 0 left on base; Chicago 3 - Kansas City 2
TOP OF THE 6TH
Chicago White Sox batting - Pitching for Kansas City Royals : LHP Austin Gomber
Batting: RHB Jose Trevino 0-0: Foul Ball, location: 2F
0-1: Fly out, F8 (Flyball, 8LM, EV 92.5 MPH)
Batting: LHB Zack Granite 0-0: Ball
1-0: Foul Ball, location: 2F
1-1: Ball
2-1: Foul Ball, location: 2F
2-2: Strikes out looking
Batting: LHB Jason Heyward 0-0: Ball
1-0: Foul Ball, location: 2F
1-1: Ball
2-1: Ground out 4-3 (Groundball, 4, EV 91.3 MPH)
Top of the 6th over - 0 runs, 0 hits, 0 errors, 0 left on base; Chicago 3 - Kansas City 2
BOTTOM OF THE 6TH
Kansas City Royals batting - Pitching for Chicago White Sox : RHP Nathan Eovaldi
Batting: LHB Anthony Rizzo 0-0: Called Strike
0-1: Foul Ball, location: 2F
0-2: Ball
1-2: Ball
2-2: Fly out, F8 (Flyball, 8LM, EV 88.1 MPH)
Batting: RHB Aristides Aquino 0-0: Ball
1-0: Ball
2-0: Fly out, F7 (Flyball, 7S, EV 80.0 MPH)
Batting: RHB Dansby Swanson 0-0: Ball
1-0: Ball
2-0: Called Strike
2-1: Ball
3-1: Called Strike
3-2: Fly out, F5 (Popup, 5S, EV 71.9 MPH)
Bottom of the 6th over - 0 runs, 0 hits, 0 errors, 0 left on base; Chicago 3 - Kansas City 2
TOP OF THE 7TH
Chicago White Sox batting - Pitching for Kansas City Royals : LHP Austin Gomber
Batting: RHB Todd Frazier 0-0: Ball
1-0: Ball
2-0: Ball
3-0: Called Strike
3-1: Fly out, F6 (Popup, 6D, EV 46.3 MPH)
Batting: LHB Stephen Vogt 0-0: Swinging Strike
0-1: Swinging Strike
0-2: Strikes out looking
Batting: LHB Andrew Toles 0-0: Called Strike
0-1: Swinging Strike
0-2: Ball
1-2: Foul Ball, location: 2F
1-2: Foul Ball, location: 2F
1-2: Foul Ball, location: 2F
1-2: Strikes out swinging
Top of the 7th over - 0 runs, 0 hits, 0 errors, 0 left on base; Chicago 3 - Kansas City 2
BOTTOM OF THE 7TH
Kansas City Royals batting - Pitching for Chicago White Sox : RHP Nathan Eovaldi
Pitching: RHP Trevor Gott
Batting: RHB Sean Murphy 0-0: Foul Ball, location: 2F
0-1: Called Strike
0-2: Ball
1-2: Foul Ball, location: 2F
1-2: Strikes out looking
Batting: SHB Niko Goodrum 0-0: Swinging Strike
0-1: Ball
1-1: Called Strike
1-2: Strikes out swinging, 2-3 out at first.
Batting: LHB Nicky Lopez 0-0: Ball
1-0: Foul Ball, location: 2F
1-1: Ball
2-1: Foul Ball, location: 2F
2-2: Strikes out swinging
Bottom of the 7th over - 0 runs, 0 hits, 0 errors, 0 left on base; Chicago 3 - Kansas City 2
TOP OF THE 8TH
Chicago White Sox batting - Pitching for Kansas City Royals : LHP Austin Gomber
Pitching: RHP Jairo Diaz
Batting: RHB Drew Jackson 0-0: Ball
1-0: Ball
2-0: Swinging Strike
2-1: Called Strike
2-2: Strikes out swinging
Batting: LHB Nick Gordon 0-0: Called Strike
0-1: Foul Ball, location: 2F
0-2: Strikes out swinging
Batting: RHB Wilfredo Tovar 0-0: Foul Ball, location: 2F
0-1: Ground out 5-3 (Groundball, 56S, EV 86.3 MPH)
Top of the 8th over - 0 runs, 0 hits, 0 errors, 0 left on base; Chicago 3 - Kansas City 2
BOTTOM OF THE 8TH
Kansas City Royals batting - Pitching for Chicago White Sox : RHP Trevor Gott
Pitching: RHP Kurt Hoekstra
Batting: LHB Alex Gordon 0-0: Called Strike
0-1: Ball
1-1: Ball
2-1: Foul Ball, location: 2F
2-2: Strikes out swinging
Batting: LHB Jesse Winker 0-0: Ball
1-0: Ball
2-0: Ball
3-0: Called Strike
3-1: Foul Ball, location: 2F
3-2: Base on Balls
Batting: SHB Jurickson Profar 0-0: Ball
1-0: Foul Ball, location: 2F
1-1: Ball
2-1: Grounds into double play, 4-6-3 (Groundball, 34S, EV 85.0 MPH)
Bottom of the 8th over - 0 runs, 0 hits, 0 errors, 0 left on base; Chicago 3 - Kansas City 2
TOP OF THE 9TH
Chicago White Sox batting - Pitching for Kansas City Royals : RHP Jairo Diaz
Pitching: RHP Silvino Bracho
Batting: RHB Jose Trevino 0-0: Ball
1-0: DOUBLE (Line Drive, 8RD, EV 102.5 MPH)
Batting: LHB Zack Granite 0-0: Ball
1-0: Foul Ball, location: 2F
1-1: Foul Ball, location: 2F
1-2: Ball
2-2: Ball
3-2: Foul Ball, location: 2F
3-2: Ground out 6-3 (Groundball, 56, EV 87.5 MPH)
Batting: LHB Jason Heyward 0-0: Called Strike
0-1: Ball
1-1: Called Strike
1-2: Ball
2-2: Ground out 4-3 (Groundball, 4, EV 103.1 MPH)
Jose Trevino to third
Batting: RHB Todd Frazier 0-0: Ground out 6-3 (Groundball, 6, EV 86.9 MPH)
Top of the 9th over - 0 runs, 1 hit, 0 errors, 1 left on base; Chicago 3 - Kansas City 2
BOTTOM OF THE 9TH
Kansas City Royals batting - Pitching for Chicago White Sox : RHP Kurt Hoekstra
Pitching: RHP Addison Reed
Batting: LHB Anthony Rizzo 0-0: Called Strike
0-1: Ball
1-1: Ball
2-1: Fly out, F9 (Flyball, 9S, EV 88.1 MPH)
Batting: RHB Aristides Aquino 0-0: Ball
1-0: Swinging Strike
1-1: Ball
2-1: Foul Ball, location: 2F
2-2: Strikes out swinging
Batting: RHB Dansby Swanson 0-0: Called Strike
0-1: Ball
1-1: Ball
2-1: Called Strike
2-2: Strikes out swinging
Bottom of the 9th over - 0 runs, 0 hits, 0 errors, 0 left on base; Chicago 3 - Kansas City 2
Thursday, June 4th, 2020 - OOTP Baseball 21.3 Build 54